 Dungeon Crawl Stone Soup version 0.25.1-3-ge44b62a0b3 (webtiles) character file.

Game seed: 8117920126626413416

3737 DungeonDestroyer the Blocker (level 10, -1/80 HPs)
             Began as a Gnoll Fighter on Nov 20, 2020.
             Was an Elder of Okawaru.
             Slain by a crocodile (13 damage)
             ... on level 9 of the Dungeon.
             The game lasted 00:14:48 (7577 turns).

DungeonDestroyer the Blocker (Gnoll Fighter)        Turns: 7577, Time: 00:14:49

Health: -1/80      AC: 19    Str: 21    XL:     10   Next: 15%
Magic:  17/17      EV: 10    Int: 15    God:    Okawaru [****..]
Gold:   360        SH: 17    Dex: 15    Spells: 17/18 levels left

rFire    . . .     SeeInvis .   p - +3 falchion of Arrival {flame, rN++ Int+4}
rCold    . . .     Gourm    .   c - +1 kite shield
rNeg     + + .     Faith    .   r - +3 plate armour
rPois    +         Spirit   .   (no helmet)
rElec    .         Reflect  +   (no cloak)
rCorr    .         Harm     .   w - +0 pair of gloves
MR       +....     Rnd*Rage +   (no boots)
Stlth    ..........             A - amulet of reflection
HPRegen  0.23/turn              g - ring of protection from magic
MPRegen  0.15/turn              b - ring of poison resistance

@: about to teleport, starving
A: distributed training, fangs 1, talons 1, repulsion field 1, berserk 1, shaggy
fur 1, strong nose
a: Heroism, Renounce Religion


You were on level 9 of the Dungeon.
You worshipped Okawaru.
Okawaru was greatly pleased with you.
You were starving.

You visited 1 branch of the dungeon, and saw 9 of its levels.

You collected 360 gold pieces.

Inventory:

Hand Weapons
 a - a +1 war axe
 p - the +3 falchion of Arrival (weapon) {flame, rN++ Int+4}
   (You found it on level 4 of the Dungeon)

   It has been specially enchanted to burn those struck by it, causing extra
   injury to most foes and up to half again as much damage against particularly
   susceptible opponents.
   Big, fiery blades are also staple armaments of hydra-hunters.
   It affects your intelligence (+4).
   It greatly protects you from negative energy.
Missiles
 e - 210 arrows
 h - 245 stones (quivered)
 i - 70 bolts
 m - 22 poisoned darts
 o - 80 sling bullets
 u - 2 silver javelins
 B - 2 silver boomerangs
 I - 3 boomerangs of dispersal
Armour
 c - a +1 kite shield (worn)
 r - a +3 plate armour (worn)
 w - a +0 pair of gloves (worn)
Jewellery
 b - a ring of poison resistance (right hand)
 g - a ring of protection from magic (left hand)
 A - an amulet of reflection (around neck)
Wands
 q - a wand of digging (5)
 t - a wand of random effects (45)
 x - a wand of flame (13)
 z - a wand of polymorph (6)
 J - a wand of paralysis (17)
Scrolls
 d - 4 scrolls of enchant weapon
 j - 5 scrolls of remove curse
 k - 7 scrolls of teleportation
 l - a scroll of immolation
 y - a scroll of fear
 C - 2 scrolls of identify
 H - a scroll of amnesia
Potions
 v - a potion of curing
 D - 2 potions of brilliance
 F - a potion of haste
Comestibles
 f - 11 rations


   Skills:
 + Level 8.3 Fighting
 + Level 4.9 Short Blades
 + Level 4.9 Long Blades
 + Level 6.8 Axes
 + Level 4.9 Maces & Flails
 + Level 4.9 Polearms
 + Level 4.9 Staves
 + Level 4.9 Slings
 + Level 4.9 Bows
 + Level 4.9 Crossbows
 + Level 4.9 Throwing
 + Level 8.3 Armour
 + Level 4.9 Dodging
 + Level 4.9 Stealth
 + Level 8.3 Shields
 + Level 4.9 Unarmed Combat
 + Level 4.9 Spellcasting
 + Level 4.0 Conjurations
 + Level 4.0 Hexes
 + Level 4.0 Charms
 + Level 4.0 Summonings
 + Level 4.0 Necromancy
 + Level 4.0 Translocations
 + Level 4.0 Transmutations
 + Level 4.0 Fire Magic
 + Level 4.0 Ice Magic
 + Level 4.0 Air Magic
 + Level 4.0 Earth Magic
 + Level 4.0 Poison Magic
 + Level 5.4 Invocations
 + Level 4.9 Evocations


You had 17 spell levels left.
You knew the following spells:

 Your Spells              Type           Power        Failure   Level  Hunger
a - Apportation           Tloc           ###...       78%         1    None

Your spell library contained the following spells:

 Spells                   Type           Power        Failure   Level  Hunger
 Foxfire                  Conj/Fire      ###.         78%         1    None
 Conjure Flame            Conj/Fire      ###.....     98%         3    ###....
 Gell's Gravitas          Tloc           ###.......   98%         3    ###....
 Inner Flame              Hex/Fire       ###.....     98%         3    ###....
 Lesser Beckoning         Tloc           ###.......   98%         3    ###....
 Portal Projectile        Hex/Tloc       ###...       98%         3    ###....
 Sticky Flame             Conj/Fire      ###.....     100%        4    ####...
 Agony                    Necr           ###.....     100%        5    ######.
 Fireball                 Conj/Fire      ###.......   100%        5    ######.


Dungeon Overview and Level Annotations

Branches:
Dungeon (9/15)
 Temple: D:4-7         Lair: D:8-11         Orc: D:9-12

Altars:
Cheibriados
Dithmenos
Hepliaklqana
Kikubaaqudgha
Okawaru
Trog
Uskayaw

Shops:
D:4 =

Annotations:
D:3 1 runed translucent door
D:7 2 transporters


Innate Abilities, Weirdness & Mutations

Your experience applies equally to all skills.
You have very sharp teeth.
Your uncanny sense of smell can sniff out nearby items.
You have sharp toenails.
You are surrounded by a mild repulsion field. (EV +2)
You tend to lose your temper in combat.
You are covered in fur. (AC +1)


Message History

You hit the yak. You burn the yak. Your kick misses the yak.
The yak is almost dead.
You block the porcupine's attack. The yak gores you.
You block the porcupine's attack.
A porcupine comes into view.
The crocodile bites you!
* * * LOW HITPOINT WARNING * * *
The crocodile bites you!
* * * LOW HITPOINT WARNING * * *
The porcupine barely misses you.
You riposte.
You hit the porcupine. You burn the porcupine.
The porcupine is heavily wounded.
You block the yak's attack.
Unknown command.
Unknown command.
Unknown command.
As you read the scroll of teleportation, it crumbles to dust.
You feel strangely unstable. You block the porcupine's attack.
The crocodile bites you!
You die...

.#.. ... ∆ ..% P. ..
##.. . . #. ###.. . r.
.# #.##...####.#...
...?..##.......<.#.....
..........#.......)....
...####.....!.Yr......
.............@r......
#...#......ttt......
##..#...............
##...................
##....................
#.....#...............
##...##.........##....
#####.......[...###
#### .......##.......#


You could see a yak, 3 crocodiles and 3 porcupines.

Vanquished Creatures
  Prince Ribbit (D:6)
  A hippogriff (D:9)
  A wyvern (D:8)
  A hungry ghost (D:9)
  Menkaure (D:6)
  A water moccasin (D:7)
  A porcupine (D:9)
  An orc warrior (D:6)
  A phantom (D:6)
  A hornet zombie (D:6)
  An ogre (D:5)
  2 centaurs
  A crocodile (D:7)
  The ghost of Skippwaahh the Conjurer, an amateur TeAE (D:3)
  5 bullfrogs
  2 wyvern zombies (D:9)
  2 scorpions
  5 killer bees (D:8)
  4 wights (D:8)
  A howler monkey (D:8)
  4 crimson imps (D:5)
  2 bullfrog zombies
  A centaur zombie (D:8)
  2 jellies
  2 hounds
  2 orc priests
  7 orc wizards
  2 centaur skeletons
  An iguana (D:6)
  8 worker ants
  A hound skeleton (D:5)
  2 worker ant zombies
  7 gnolls
  3 adders (D:8)
  A river rat (D:3)
  2 shadow imps
  An ooze (D:3)
  2 adder zombies (D:7)
  2 adder skeletons
  4 worms
  A dart slug (D:1)
  3 leopard geckos
  23 orcs
  4 giant cockroaches
  5 goblins
  7 hobgoblins
  8 kobolds
  3 quokkas
  2 ball pythons
  7 bats
  2 frilled lizards (D:3)
  A jackal zombie (D:5)
  2 quokka skeletons
  16 rats
174 creatures vanquished.

Notes
Turn   | Place    | Note
-------+----------+-------------------------------------------
     0 | D:1      | DungeonDestroyer the Gnoll Fighter began the quest for the
                  | Orb.
     0 | D:1      | Reached XP level 1. HP: 23/23 MP: 1/1
   236 | D:1      | Reached XP level 2. HP: 27/29 MP: 2/2
   259 | D:1      | You fall into a shaft and drop 1 floor!
   611 | D:2      | Noticed a centaur
   618 | D:2      | Killed a centaur
   618 | D:2      | Reached skill level 1 in Short Blades
   618 | D:2      | Reached skill level 1 in Long Blades
   618 | D:2      | Reached skill level 1 in Maces & Flails
   618 | D:2      | Reached skill level 1 in Polearms
   618 | D:2      | Reached skill level 1 in Staves
   618 | D:2      | Reached skill level 1 in Slings
   618 | D:2      | Reached skill level 1 in Bows
   618 | D:2      | Reached skill level 1 in Crossbows
   618 | D:2      | Reached skill level 1 in Throwing
   618 | D:2      | Reached skill level 1 in Dodging
   618 | D:2      | Reached skill level 1 in Stealth
   618 | D:2      | Reached skill level 1 in Unarmed Combat
   618 | D:2      | Reached skill level 1 in Spellcasting
   618 | D:2      | Reached skill level 1 in Conjurations
   618 | D:2      | Reached skill level 1 in Hexes
   618 | D:2      | Reached skill level 1 in Charms
   618 | D:2      | Reached skill level 1 in Summonings
   618 | D:2      | Reached skill level 1 in Necromancy
   618 | D:2      | Reached skill level 1 in Translocations
   618 | D:2      | Reached skill level 1 in Transmutations
   618 | D:2      | Reached skill level 1 in Fire Magic
   618 | D:2      | Reached skill level 1 in Ice Magic
   618 | D:2      | Reached skill level 1 in Air Magic
   618 | D:2      | Reached skill level 1 in Earth Magic
   618 | D:2      | Reached skill level 1 in Poison Magic
   618 | D:2      | Reached skill level 1 in Invocations
   618 | D:2      | Reached skill level 1 in Evocations
   618 | D:2      | Reached XP level 3. HP: 22/35 MP: 2/4
   618 | D:2      | Reached XP level 4. HP: 26/41 MP: 2/5
  1058 | D:2      | Found an ancient bone altar of Kikubaaqudgha.
  1058 | D:2      | Found an iron altar of Okawaru.
  1077 | D:2      | Became a worshipper of Warmaster Okawaru
  1554 | D:1      | Reached XP level 5. HP: 47/47 MP: 6/6
  2019 | D:3      | Found a runed translucent door.
  2053 | D:3      | Noticed Skippwaahh's ghost (amateur TeAE)
  2066 | D:3      | Killed Skippwaahh's ghost
  2072 | D:3      | Found a runed translucent door.
  2222 | D:3      | Reached XP level 6. HP: 53/53 MP: 8/8
  2859 | D:4      | Reached skill level 5 in Axes
  2898 | D:4      | Found Zemad's Jewellery Boutique.
  2907 | D:4      | Got an ancient falchion
  2962 | D:4      | Reached * piety under Okawaru
  2983 | D:4      | You fall into a shaft and drop 1 floor!
  2983 | D:5      | Entered Level 5 of the Dungeon
  3047 | D:5      | Reached XP level 7. HP: 59/59 MP: 10/10
  3718 | D:5      | Found a hazy altar of Hepliaklqana.
  3719 | D:5      | Found a shadowy altar of Dithmenos.
  3719 | D:5      | Noticed a shadow
  3847 | D:6      | Reached ** piety under Okawaru
  3847 | D:6      | Reached XP level 8. HP: 67/67 MP: 12/12
  3931 | D:6      | Found a hide-covered altar of Uskayaw.
  3958 | D:6      | Identified the Volume of Spatial Stolen Souls
  4224 | D:6      | Learned a level 1 spell: Apportation
  4233 | D:6      | Noticed Menkaure
  4237 | D:6      | Killed Menkaure
  4659 | D:6      | Noticed Prince Ribbit
  4669 | D:6      | Killed Prince Ribbit
  4669 | D:6      | Reached *** piety under Okawaru
  4891 | D:6      | Reached XP level 9. HP: 19/72 MP: 14/14
  5973 | D:7      | Found the +9 sword of Zonguldrok {reap}
  6058 | D:7      | Found a bloodstained altar of Trog.
  6335 | D:7      | Found a transporter.
  6353 | D:7      | Found a transporter.
  6758 | D:8      | Received a gift from Okawaru
  6875 | D:8      | Reached **** piety under Okawaru
  6875 | D:8      | Reached skill level 5 in Invocations
  6962 | D:8      | Identified the +3 falchion of Arrival {flame, rN++ Int+4}
                  | (You found it on level 4 of the Dungeon)
  7392 | D:8      | Gained mutation: You are covered in fur. (AC +1) [potion of
                  | mutation]
  7392 | D:8      | Gained mutation: You have sharp toenails. [potion of
                  | mutation]
  7392 | D:8      | Gained mutation: You tend to lose your temper in combat.
                  | [potion of mutation]
  7392 | D:8      | Gained mutation: You are surrounded by a mild repulsion
                  | field. (EV +2) [potion of mutation]
  7447 | D:9      | Reached XP level 10. HP: 79/80 MP: 15/17
  7503 | D:9      | Found a snail-covered altar of Cheibriados.
  7577 | D:9      | Slain by a crocodile

Illustrated notes

Levels and vault maps discovered:
D:1:      giann_horns, layout_basic, minmay_fountain_box,
          minmay_rat_gold_closets
D:2:      layout_loops_ring, amethyst_overflow_temple_binary
D:3:      layout_basic, ebering_ghost_sewer_f
D:4:      layout_cave_pools, serial_rivers, chequers_serial_rivers_micro_d,
          chequers_serial_rivers_marsh, chequers_serial_rivers_room_a,
          chequers_serial_rivers_micro_e, chequers_serial_rivers_room_b,
          serial_shops, shop, glass_columns_a, okawaru_metal_pillars_1_2
D:5:      layout_cave_pools, riverfiend_overflow_shadow_ancestor, first_ration
D:6:      layout_loops_corners, overflow_temple_1_default, uniq_prince_ribbit1,
          uniq_menkaure
D:7:      gammafunk_the_bubble [the_bubble_gammafunk_plus_minus],
          layout_cave_pods, old_standard_altar
D:8:      layout_basic
D:9:      layout_rooms, nicolae_overflow_hidden_temple, minmay_lair_entry_grove,
          basic_altar, hangedman_little_slice_of_home,
          nicolae_straight_to_the_point, uniq_maggie

Skill      XL: |  1  2  3  4  5  6  7  8  9 10 |
---------------+-------------------------------+-----
Short Blades   | 1 2 3 4 |  4.9
Long Blades    | 1 2 3 4 |  4.9
Maces & Flails | 1 2 3 4 |  4.9
Polearms       | 1 2 3 4 |  4.9
Staves         | 1 2 3 4 |  4.9
Slings         | 1 2 3 4 |  4.9
Bows           | 1 2 3 4 |  4.9
Crossbows      | 1 2 3 4 |  4.9
Throwing       | 1 2 3 4 |  4.9
Dodging        | 1 2 3 4 |  4.9
Stealth        | 1 2 3 4 |  4.9
Unarmed Combat | 1 2 3 4 |  4.9
Spellcasting   | 1 2 3 4 |  4.9
Conjurations   | 1 2 3 4 |  4.0
Hexes          | 1 2 3 4 |  4.0
Charms         | 1 2 3 4 |  4.0
Summonings     | 1 2 3 4 |  4.0
Necromancy     | 1 2 3 4 |  4.0
Translocations | 1 2 3 4 |  4.0
Transmutations | 1 2 3 4 |  4.0
Fire Magic     | 1 2 3 4 |  4.0
Ice Magic      | 1 2 3 4 |  4.0
Air Magic      | 1 2 3 4 |  4.0
Earth Magic    | 1 2 3 4 |  4.0
Poison Magic   | 1 2 3 4 |  4.0
Invocations    | 1 2 3 4 5 |  5.4
Evocations     | 1 2 3 4 |  4.9
Axes           | 5 6 |  6.8
Fighting       | 7 8 |  8.3
Armour         | 7 8 |  8.3
Shields        | 7 8 |  8.3

Action                   |  1- 3 |  4- 6 |  7- 9 | 10-12 || total
-------------------------+-------+-------+-------+-------++-------
Melee: War axe           |    39 |   162 |   386 |       ||   587
       Bite              |     4 |    12 |    66 |     8 ||    90
       Falchion          |       |       |    30 |    33 ||    63
       Kick              |       |       |     2 |    15 ||    17
Evoke: Wand              |       |       |     1 |       ||     1
  Use: Scroll            |       |     7 |     7 |     1 ||    15
       Potion            |       |     6 |     3 |       ||     9
  Eat: Chunk             |       |     7 |     4 |       ||    11
       Ration            |       |       |     3 |       ||     3
Armor: Scale mail        |    12 |     2 |       |       ||    14
       Plate armour      |       |    80 |   243 |    31 ||   354
Dodge: Dodged            |    16 |    28 |   105 |    20 ||   169
Block: Kite shield       |    18 |    87 |   288 |    51 ||   444
       Rpst.: Falchion   |       |       |     3 |     9 ||    12
